| Goals | Penalties |
1. Jets , Conor Garland 1 (Will Cuylle 2, Sean Couturier 4) at 13:21
2. Kings , Brayden Schenn 3 (Mattias Ekholm 4) at 16:02
|
Alex Tuch (LOS) for Hooking (Minor) at 8:03
|
3. Kings , Teuvo Teravainen 5 (Alex Tuch 6, Brett Pesce 1) at 12:25
|
David Pastrnak (LOS) for Holding (Minor) at 1:05 Darnell Nurse (LOS) for High sticking (Minor) at 15:12 Alexandar Georgiev (LOS) for Slashing (Minor) at 16:18 - Alex Tuch served the penalty.
|
4. Jets , Will Cuylle 2 (Darren Raddysh 1, Sean Couturier 5) at 17:24
|
Justin Barron (WPG) for Interference (Minor) at 4:35
|
No Goal
|
|
Kings, David Pastrnak - Stopped by Joseph Woll
Jets, Nick Schmaltz - Goal!
Kings, Alex Tuch - Stopped by Joseph Woll
Jets, Conor Garland - Stopped by Alexandar Georgiev
Kings, Tyler Bertuzzi - Goal!
Jets, Tommy Novak - Stopped by Alexandar Georgiev
Kings, Elias Pettersson - Stopped by Joseph Woll
Jets, Gustav Nyquist - Shot Misses the Net
Kings, Teuvo Teravainen - Stopped by Joseph Woll
Jets, Alexandre Texier - Stopped by Alexandar Georgiev
Kings, Brayden Schenn - Stopped by Joseph Woll
Jets, Andre Burakovsky - Stopped by Alexandar Georgiev
Kings, Robby Fabbri - Shot Misses the Net
Jets, Sean Couturier - Stopped by Alexandar Georgiev
Kings, Ross Colton - Stopped by Joseph Woll
Jets, Reilly Smith - Goal!
|
|
|
Alexandar Georgiev (LOS), 34 saves from 36 shots - (0,944), OTL, 1-0-1, 65:00 minutes
Joseph Woll (WPG), 31 saves from 33 shots - (0,939), W, 2-1-0, 65:00 minutes
|
|
1 - Will Cuylle (WPG)
2 - Conor Garland (WPG)
3 - Sean Couturier (WPG)
|
Referees : Jake Brenk and Francois St-Laurent
Linesman : Travis Gawryletz and Bryan Pancich
|
|
| No Game Note
|
|
Level 1 -- Attendance: 4386 (73,10%) -- Ticket Income $614,040
Level 2 -- Attendance: 2813 (56,26%) -- Ticket Income $365,690
Level 3 -- Attendance: 1649 (74,95%) -- Ticket Income $206,125
Level 4 -- Attendance: 852 (83,86%) -- Ticket Income $102,240
Luxury Box -- Attendance: 486 (60,75%) -- Ticket Income $182,250
Game was played at the Canada Life Center.
Total Attendance: 10186 (67,83%)
Total Ticket Income: $1,470,345
Other Income: $367,586
Total Income: $1,837,931
|
| Team Name |
Goals |
Shots |
Shots Attemp |
Shots Blocked |
PIM |
HIT |
PP |
PK |
FO% |
| Kings |
2 | 33 | 53 | 12 | 8 | 22 | 0 / 1 (0%) | 0 | 49% |
| Jets |
3 | 36 | 69 | 7 | 2 | 20 | 0 / 4 (0%) | 0 | 51% |
Kings
| Player Name |
POS |
G |
A |
P |
+/- |
PIM |
HIT |
SHT |
SB |
MP |
PP MP |
PP SHT |
PK MP |
PK SHT |
FO% |
FOT |
| Alex Tuch | RW | 0 | 1 | 1 | 1 | 2 | 2 | 5 | 0 | 21:38 | 1:01 | 1 | 1:49 | 0 | 67% |
9 |
| Andrew Copp | C | 0 | 0 | 0 | -2 | 0 | 1 | 2 | 0 | 11:30 | 0:00 | 0 | 2:39 | 0 | 59% |
17 |
| Anthony Duclair | LW | 0 | 0 | 0 | -2 | 0 | 0 | 3 | 0 | 9:19 | 0:00 | 0 | 0:28 | 0 | 0% |
0 |
| Brayden Schenn | C | 1 | 0 | 1 | 1 | 0 | 3 | 2 | 0 | 20:33 | 0:58 | 0 | 0:00 | 0 | 50% |
26 |
| Brett Pesce | D | 0 | 1 | 1 | 1 | 0 | 0 | 1 | 1 | 23:49 | 0:58 | 0 | 3:43 | 0 | 0% |
0 |
| Cody Ceci | D | 0 | 0 | 0 | 0 | 0 | 0 | 0 | 1 | 13:01 | 0:00 | 0 | 0:52 | 0 | 0% |
0 |
| Darnell Nurse | D | 0 | 0 | 0 | -1 | 2 | 2 | 1 | 2 | 25:16 | 1:01 | 0 | 2:28 | 0 | 0% |
0 |
| David Pastrnak | RW | 0 | 0 | 0 | 1 | 2 | 1 | 8 | 0 | 23:17 | 0:58 | 0 | 0:00 | 0 | 0% |
3 |
| Elias Pettersson | C | 0 | 0 | 0 | 1 | 0 | 0 | 3 | 0 | 22:29 | 0:58 | 0 | 0:00 | 0 | 67% |
3 |
| Erik Gudbranson | D | 0 | 0 | 0 | 0 | 0 | 1 | 0 | 0 | 12:09 | 0:00 | 0 | 0:00 | 0 | 0% |
0 |
| Mattias Ekholm | D | 0 | 1 | 1 | -1 | 0 | 2 | 0 | 4 | 25:04 | 1:01 | 0 | 3:46 | 0 | 0% |
0 |
| Nick Leddy | D | 0 | 0 | 0 | 1 | 0 | 0 | 1 | 3 | 25:40 | 0:58 | 0 | 3:17 | 0 | 0% |
0 |
| Robby Fabbri | C | 0 | 0 | 0 | 0 | 0 | 1 | 0 | 0 | 6:00 | 0:00 | 0 | 0:00 | 0 | 67% |
6 |
| Ross Colton | C | 0 | 0 | 0 | 1 | 0 | 6 | 2 | 0 | 17:33 | 1:01 | 0 | 0:00 | 0 | 41% |
27 |
| Ryan Hartman | RW | 0 | 0 | 0 | 0 | 0 | 0 | 0 | 0 | 9:32 | 0:00 | 0 | 1:42 | 0 | 0% |
2 |
| Teuvo Teravainen | LW | 1 | 0 | 1 | 1 | 0 | 0 | 3 | 0 | 22:09 | 1:01 | 0 | 4:36 | 0 | 50% |
2 |
| Tyler Bertuzzi | LW | 0 | 0 | 0 | -2 | 0 | 3 | 1 | 0 | 9:27 | 0:00 | 0 | 0:00 | 0 | 0% |
1 |
| Victor Olofsson | LW | 0 | 0 | 0 | 0 | 0 | 0 | 1 | 1 | 8:35 | 0:00 | 0 | 1:59 | 0 | 50% |
6 |
Jets
| Player Name |
POS |
G |
A |
P |
+/- |
PIM |
HIT |
SHT |
SB |
MP |
PP MP |
PP SHT |
PK MP |
PK SHT |
FO% |
FOT |
| Alexandre Texier | C | 0 | 0 | 0 | -1 | 0 | 0 | 1 | 0 | 10:17 | 0:00 | 0 | 0:00 | 0 | 0% |
0 |
| Andre Burakovsky | LW | 0 | 0 | 0 | -1 | 0 | 1 | 2 | 0 | 10:17 | 0:00 | 0 | 0:00 | 0 | 0% |
0 |
| Brett Kulak | D | 0 | 0 | 0 | -1 | 0 | 0 | 0 | 0 | 12:30 | 0:00 | 0 | 0:57 | 0 | 0% |
0 |
| Conor Garland | RW | 1 | 0 | 1 | 2 | 0 | 1 | 4 | 0 | 20:25 | 3:27 | 1 | 0:00 | 0 | 0% |
0 |
| Darren Raddysh | D | 0 | 1 | 1 | 1 | 0 | 1 | 1 | 0 | 22:38 | 3:10 | 1 | 0:52 | 0 | 0% |
0 |
| Dmitry Orlov | D | 0 | 0 | 0 | 0 | 0 | 3 | 1 | 0 | 28:37 | 3:53 | 1 | 1:07 | 0 | 0% |
0 |
| Gustav Nyquist | C | 0 | 0 | 0 | 0 | 0 | 1 | 3 | 0 | 24:07 | 3:27 | 2 | 0:43 | 0 | 100% |
3 |
| Jalen Chatfield | D | 0 | 0 | 0 | -1 | 0 | 2 | 2 | 1 | 15:36 | 3:53 | 2 | 0:10 | 0 | 0% |
0 |
| Joe Veleno | C | 0 | 0 | 0 | -1 | 0 | 0 | 0 | 0 | 7:05 | 0:00 | 0 | 0:00 | 0 | 0% |
0 |
| Justin Barron | D | 0 | 0 | 0 | 0 | 2 | 2 | 1 | 2 | 22:29 | 0:00 | 0 | 0:00 | 0 | 0% |
0 |
| Mark Jankowski | C | 0 | 0 | 0 | -1 | 0 | 0 | 1 | 0 | 8:21 | 0:00 | 0 | 1:16 | 0 | 63% |
8 |
| Matt Grzelcyk | D | 0 | 0 | 0 | 1 | 0 | 0 | 2 | 1 | 23:09 | 3:10 | 2 | 0:52 | 0 | 0% |
0 |
| Nick Schmaltz | C | 0 | 0 | 0 | 0 | 0 | 1 | 2 | 0 | 23:24 | 3:27 | 1 | 0:00 | 0 | 46% |
28 |
| Oskar Sundqvist | C | 0 | 0 | 0 | -1 | 0 | 1 | 2 | 0 | 7:05 | 0:00 | 0 | 0:00 | 0 | 0% |
3 |
| Reilly Smith | RW | 0 | 0 | 0 | 0 | 0 | 4 | 6 | 1 | 23:42 | 3:36 | 1 | 1:16 | 0 | 100% |
2 |
| Sean Couturier | C | 0 | 2 | 2 | 2 | 0 | 0 | 4 | 2 | 22:27 | 3:36 | 2 | 0:43 | 0 | 57% |
35 |
| Tommy Novak | C | 0 | 0 | 0 | -1 | 0 | 0 | 1 | 0 | 13:53 | 3:36 | 0 | 0:00 | 0 | 35% |
20 |
| Will Cuylle | LW | 1 | 1 | 2 | 2 | 0 | 3 | 3 | 0 | 16:58 | 0:00 | 0 | 0:00 | 0 | 67% |
3 |
Play-by-Play
1st period
0:01 of 1st period - Brayden Schenn wins face-off versus Nick Schmaltz in neutral zone.
0:18 of 1st period - Shot by David Pastrnak.
0:18 of 1st period - Shot Misses the Net.
1:05 of 1st period - Icing by Dmitry Orlov.
1:06 of 1st period - Andrew Copp wins face-off versus Nick Schmaltz in Jets zone.
2:11 of 1st period - Icing by Justin Barron.
2:12 of 1st period - Nick Schmaltz wins face-off versus Ross Colton in Jets zone.
2:12 of 1st period - Nick Schmaltz is hit by Ross Colton.
2:15 of 1st period - Icing by Reilly Smith.
2:16 of 1st period - Gustav Nyquist wins face-off versus Ross Colton in Jets zone.
2:16 of 1st period - Gustav Nyquist is hit by Ross Colton.
2:54 of 1st period - Icing by Nick Leddy.
2:55 of 1st period - Ross Colton wins face-off versus Tommy Novak in Kings zone.
3:26 of 1st period - Shot by Brayden Schenn.
3:26 of 1st period - Shot Blocked by Jalen Chatfield.
3:32 of 1st period - Jalen Chatfield is hit by Brayden Schenn and loses puck.
4:03 of 1st period - Shot by Conor Garland.
4:03 of 1st period - Shot Hit the Post.
4:28 of 1st period - Icing by Matt Grzelcyk.
4:29 of 1st period - Sean Couturier wins face-off versus Andrew Copp in Jets zone.
5:16 of 1st period - Shot by Oskar Sundqvist.
5:16 of 1st period - Stopped by Alexandar Georgiev without a rebound.
5:17 of 1st period - Tommy Novak wins face-off versus Ross Colton in Kings zone.
5:21 of 1st period - Icing by Darnell Nurse.
5:22 of 1st period - Ross Colton wins face-off versus Tommy Novak in Kings zone.
5:45 of 1st period - Shot by Ross Colton.
5:45 of 1st period - Stopped by Joseph Woll without a rebound.
5:46 of 1st period - Brayden Schenn wins face-off versus Sean Couturier in Jets zone.
5:57 of 1st period - Shot by Elias Pettersson.
5:57 of 1st period - Stopped by Joseph Woll without a rebound.
5:58 of 1st period - Robby Fabbri wins face-off versus Mark Jankowski in Jets zone.
6:34 of 1st period - Shot by Oskar Sundqvist.
6:34 of 1st period - Shot Misses the Net.
6:36 of 1st period - Shot by Oskar Sundqvist.
6:36 of 1st period - Deflect By Mark Jankowski.
6:36 of 1st period - Shot Misses the Net.
6:38 of 1st period - Shot by Joe Veleno.
6:38 of 1st period - Shot Misses the Net.
6:40 of 1st period - Shot by Mark Jankowski.
6:40 of 1st period - Shot Misses the Net.
7:03 of 1st period - Shot by Will Cuylle.
7:03 of 1st period - Shot Blocked by Brett Pesce.
7:05 of 1st period - Shot by Sean Couturier.
7:05 of 1st period - Stopped by Alexandar Georgiev without a rebound.
7:06 of 1st period - Brayden Schenn wins face-off versus Tommy Novak in Kings zone.
7:26 of 1st period - Shot by Andre Burakovsky.
7:26 of 1st period - Shot Misses the Net.
7:28 of 1st period - Shot by Alexandre Texier.
7:28 of 1st period - Shot Misses the Net.
7:30 of 1st period - Shot by Alexandre Texier.
7:30 of 1st period - Shot Misses the Net.
8:03 of 1st period - Minor Penalty to Alex Tuch for Hooking.
8:04 of 1st period - Andrew Copp wins face-off versus Nick Schmaltz in Kings zone.
8:24 of 1st period - Icing by Gustav Nyquist.
8:25 of 1st period - Nick Schmaltz wins face-off versus Victor Olofsson in Jets zone.
8:30 of 1st period - Shot by Darren Raddysh.
8:30 of 1st period - Shot Misses the Net.
8:32 of 1st period - Shot by Nick Schmaltz.
8:32 of 1st period - Shot Misses the Net.
8:34 of 1st period - Shot by Darren Raddysh.
8:34 of 1st period - Shot Blocked by Victor Olofsson.
8:36 of 1st period - Shot by Nick Schmaltz.
8:36 of 1st period - Shot Misses the Net.
8:42 of 1st period - Shot by Gustav Nyquist.
8:42 of 1st period - Stopped by Alexandar Georgiev without a rebound.
8:43 of 1st period - Sean Couturier wins face-off versus Victor Olofsson in Kings zone.
8:50 of 1st period - Shot by Jalen Chatfield.
8:50 of 1st period - Stopped by Alexandar Georgiev without a rebound.
8:51 of 1st period - Victor Olofsson wins face-off versus Tommy Novak in Kings zone.
9:06 of 1st period - Icing by Dmitry Orlov.
9:07 of 1st period - Victor Olofsson wins face-off versus Sean Couturier in Jets zone.
10:12 of 1st period - Icing by Oskar Sundqvist.
10:13 of 1st period - Mark Jankowski wins face-off versus Brayden Schenn in Jets zone.
10:13 of 1st period - Mark Jankowski is hit by David Pastrnak.
10:31 of 1st period - Shot by Mark Jankowski.
10:31 of 1st period - Stopped by Alexandar Georgiev without a rebound.
10:32 of 1st period - Robby Fabbri wins face-off versus Sean Couturier in Kings zone.
10:38 of 1st period - Ryan Hartman is hit by Will Cuylle and loses puck.
11:31 of 1st period - Icing by Gustav Nyquist.
11:32 of 1st period - Gustav Nyquist wins face-off versus Ross Colton in Jets zone.
12:50 of 1st period - David Pastrnak is hit by Justin Barron.
12:58 of 1st period - Shot by David Pastrnak.
12:58 of 1st period - Stopped by Joseph Woll without a rebound.
12:59 of 1st period - Sean Couturier wins face-off versus Andrew Copp in Jets zone.
12:59 of 1st period - Sean Couturier is hit by Tyler Bertuzzi.
13:21 of 1st period - Shot by Conor Garland.
13:21 of 1st period - Goal by Conor Garland - Kings : 0 - Jets : 1.
13:22 of 1st period - Ross Colton wins face-off versus Tommy Novak in neutral zone.
13:47 of 1st period - Icing by Erik Gudbranson.
13:48 of 1st period - Will Cuylle wins face-off versus Ross Colton in Kings zone.
13:48 of 1st period - Will Cuylle is hit by Erik Gudbranson.
14:06 of 1st period - Shot by Alex Tuch.
14:06 of 1st period - Stopped by Joseph Woll without a rebound.
14:07 of 1st period - Brayden Schenn wins face-off versus Nick Schmaltz in Jets zone.
14:08 of 1st period - Shot by David Pastrnak.
14:08 of 1st period - Stopped by Joseph Woll with a rebound.
14:42 of 1st period - Icing by Dmitry Orlov.
14:43 of 1st period - Ross Colton wins face-off versus Nick Schmaltz in Jets zone.
15:36 of 1st period - Off-side.
15:37 of 1st period - Brayden Schenn wins face-off versus Oskar Sundqvist in neutral zone.
15:55 of 1st period - Joe Veleno is hit by Darnell Nurse and loses puck.
16:02 of 1st period - Shot by Brayden Schenn.
16:02 of 1st period - Goal by Brayden Schenn - Kings : 1 - Jets : 1.
16:03 of 1st period - Sean Couturier wins face-off versus Andrew Copp in neutral zone.
16:24 of 1st period - Anthony Duclair is hit by Darren Raddysh and loses puck.
17:25 of 1st period - Shot by Reilly Smith.
17:25 of 1st period - Shot Blocked by Cody Ceci.
17:27 of 1st period - Shot by Reilly Smith.
17:27 of 1st period - Stopped by Alexandar Georgiev without a rebound.
17:28 of 1st period - Tommy Novak wins face-off versus David Pastrnak in Kings zone.
17:31 of 1st period - Shot by Andre Burakovsky.
17:31 of 1st period - Stopped by Alexandar Georgiev without a rebound.
17:32 of 1st period - Tommy Novak wins face-off versus Brayden Schenn in Kings zone.
17:37 of 1st period - Shot by Tommy Novak.
17:37 of 1st period - Shot Misses the Net.
17:39 of 1st period - Shot by Jalen Chatfield.
17:39 of 1st period - Shot Misses the Net.
17:56 of 1st period - Brett Kulak is hit by Mattias Ekholm and loses puck.
18:48 of 1st period - Icing by Brett Kulak.
18:49 of 1st period - Robby Fabbri wins face-off versus Tommy Novak in Jets zone.
18:49 of 1st period - Robby Fabbri is hit by Jalen Chatfield.
19:32 of 1st period - Icing by Dmitry Orlov.
19:33 of 1st period - Sean Couturier wins face-off versus Brayden Schenn in Jets zone.
19:38 of 1st period - Shot by David Pastrnak.
19:38 of 1st period - Stopped by Joseph Woll with a rebound.
Goals for this period are 1 for Kings vs 1 for Jets.
Shots for this period are 7 for Kings vs 8 for Jets.
2nd period
0:01 of 2nd period - Nick Schmaltz wins face-off versus Ross Colton in neutral zone.
0:30 of 2nd period - Shot by Reilly Smith.
0:30 of 2nd period - Stopped by Alexandar Georgiev without a rebound.
0:31 of 2nd period - Elias Pettersson wins face-off versus Oskar Sundqvist in Kings zone.
0:33 of 2nd period - Icing by Mattias Ekholm.
0:34 of 2nd period - Brayden Schenn wins face-off versus Oskar Sundqvist in Kings zone.
0:43 of 2nd period - Shot by Justin Barron.
0:43 of 2nd period - Stopped by Alexandar Georgiev with a rebound.
1:05 of 2nd period - Minor Penalty to David Pastrnak for Holding.
1:06 of 2nd period - Alex Tuch wins face-off versus Nick Schmaltz in Kings zone.
1:06 of 2nd period - Nick Leddy is hit by Nick Schmaltz.
1:14 of 2nd period - Shot by Darren Raddysh.
1:14 of 2nd period - Shot Blocked by Nick Leddy.
1:20 of 2nd period - Shot by Conor Garland.
1:20 of 2nd period - Stopped by Alexandar Georgiev without a rebound.
1:21 of 2nd period - Alex Tuch wins face-off versus Sean Couturier in Kings zone.
1:34 of 2nd period - Shot by Dmitry Orlov.
1:34 of 2nd period - Shot Blocked by Darnell Nurse.
1:36 of 2nd period - Shot by Jalen Chatfield.
1:36 of 2nd period - Stopped by Alexandar Georgiev without a rebound.
1:37 of 2nd period - Alex Tuch wins face-off versus Nick Schmaltz in Kings zone.
1:58 of 2nd period - Nick Schmaltz is hit by Mattias Ekholm and loses puck.
2:03 of 2nd period - Shot by Gustav Nyquist.
2:03 of 2nd period - Shot Blocked by Darnell Nurse.
2:05 of 2nd period - Shot by Gustav Nyquist.
2:05 of 2nd period - Stopped by Alexandar Georgiev without a rebound.
2:06 of 2nd period - Andrew Copp wins face-off versus Sean Couturier in Kings zone.
2:31 of 2nd period - Shot by Sean Couturier.
2:31 of 2nd period - Stopped by Alexandar Georgiev without a rebound.
2:32 of 2nd period - Nick Schmaltz wins face-off versus Andrew Copp in Kings zone.
2:43 of 2nd period - Shot by Matt Grzelcyk.
2:43 of 2nd period - Stopped by Alexandar Georgiev without a rebound.
2:44 of 2nd period - Teuvo Teravainen wins face-off versus Sean Couturier in Kings zone.
2:44 of 2nd period - Teuvo Teravainen is hit by Reilly Smith.
3:43 of 2nd period - Off-side.
3:44 of 2nd period - Nick Schmaltz wins face-off versus Ross Colton in neutral zone.
3:58 of 2nd period - Shot by Nick Schmaltz.
3:58 of 2nd period - Shot Misses the Net.
4:31 of 2nd period - Off-side.
4:32 of 2nd period - Sean Couturier wins face-off versus David Pastrnak in neutral zone.
4:37 of 2nd period - Shot by Sean Couturier.
4:37 of 2nd period - Shot Blocked by Mattias Ekholm.
4:57 of 2nd period - Shot by Darnell Nurse.
4:57 of 2nd period - Stopped by Joseph Woll without a rebound.
4:58 of 2nd period - Andrew Copp wins face-off versus Tommy Novak in Jets zone.
4:59 of 2nd period - Shot by Anthony Duclair.
4:59 of 2nd period - Stopped by Joseph Woll without a rebound.
5:00 of 2nd period - Andrew Copp wins face-off versus Tommy Novak in Jets zone.
5:01 of 2nd period - Shot by Cody Ceci.
5:01 of 2nd period - Shot Misses the Net.
5:09 of 2nd period - Shot by Andrew Copp.
5:09 of 2nd period - Stopped by Joseph Woll without a rebound.
5:10 of 2nd period - Sean Couturier wins face-off versus Brayden Schenn in Jets zone.
5:17 of 2nd period - Shot by Conor Garland.
5:17 of 2nd period - Stopped by Alexandar Georgiev without a rebound.
5:18 of 2nd period - Reilly Smith wins face-off versus Ross Colton in Kings zone.
5:39 of 2nd period - Shot by Ross Colton.
5:39 of 2nd period - Deflect By Alex Tuch.
5:39 of 2nd period - Shot Blocked by Justin Barron.
6:32 of 2nd period - Shot by Brayden Schenn.
6:32 of 2nd period - Stopped by Joseph Woll without a rebound.
6:33 of 2nd period - Andrew Copp wins face-off versus Tommy Novak in Jets zone.
6:40 of 2nd period - Shot by Anthony Duclair.
6:40 of 2nd period - Stopped by Joseph Woll without a rebound.
6:41 of 2nd period - Tommy Novak wins face-off versus Brayden Schenn in Jets zone.
6:41 of 2nd period - Tommy Novak is hit by Brayden Schenn.
7:43 of 2nd period - Icing by Dmitry Orlov.
7:44 of 2nd period - Sean Couturier wins face-off versus Ross Colton in Jets zone.
7:51 of 2nd period - Conor Garland is hit by Alex Tuch and loses puck.
8:10 of 2nd period - Sean Couturier is hit by Alex Tuch and loses puck.
8:32 of 2nd period - Off-side.
8:33 of 2nd period - Nick Schmaltz wins face-off versus Tyler Bertuzzi in neutral zone.
9:16 of 2nd period - Shot by Gustav Nyquist.
9:16 of 2nd period - Shot Misses the Net.
9:18 of 2nd period - Shot by Nick Schmaltz.
9:18 of 2nd period - Deflect By Gustav Nyquist.
9:18 of 2nd period - Shot Misses the Net.
9:35 of 2nd period - Icing by Matt Grzelcyk.
9:36 of 2nd period - Mark Jankowski wins face-off versus David Pastrnak in Jets zone.
9:49 of 2nd period - Shot by Oskar Sundqvist.
9:49 of 2nd period - Stopped by Alexandar Georgiev without a rebound.
9:50 of 2nd period - Ross Colton wins face-off versus Sean Couturier in Kings zone.
9:50 of 2nd period - Ross Colton is hit by Will Cuylle.
9:53 of 2nd period - Icing by Alex Tuch.
9:54 of 2nd period - Ross Colton wins face-off versus Sean Couturier in Kings zone.
10:01 of 2nd period - Shot by Sean Couturier.
10:01 of 2nd period - Stopped by Alexandar Georgiev with a rebound.
10:29 of 2nd period - Icing by Will Cuylle.
10:30 of 2nd period - Sean Couturier wins face-off versus Brayden Schenn in Jets zone.
11:54 of 2nd period - Icing by Andrew Copp.
11:55 of 2nd period - Andrew Copp wins face-off versus Mark Jankowski in Kings zone.
12:02 of 2nd period - Shot by Anthony Duclair.
12:02 of 2nd period - Stopped by Joseph Woll without a rebound.
12:03 of 2nd period - Ross Colton wins face-off versus Tommy Novak in Jets zone.
12:16 of 2nd period - Brett Pesce is hit by Andre Burakovsky and loses puck.
12:25 of 2nd period - Shot by Teuvo Teravainen.
12:25 of 2nd period - Goal by Teuvo Teravainen - Kings : 2 - Jets : 1.
12:26 of 2nd period - Brayden Schenn wins face-off versus Sean Couturier in neutral zone.
13:21 of 2nd period - Dmitry Orlov is hit by Ross Colton and loses puck.
13:27 of 2nd period - Icing by Justin Barron.
13:28 of 2nd period - Will Cuylle wins face-off versus Robby Fabbri in Jets zone.
13:28 of 2nd period - Will Cuylle is hit by Robby Fabbri.
13:52 of 2nd period - Shot by Reilly Smith.
13:52 of 2nd period - Stopped by Alexandar Georgiev without a rebound.
13:53 of 2nd period - Mark Jankowski wins face-off versus Ross Colton in Kings zone.
14:22 of 2nd period - Shot by Mark Jankowski.
14:22 of 2nd period - Shot Blocked by Nick Leddy.
14:50 of 2nd period - Reilly Smith is hit by Ross Colton and loses puck.
15:12 of 2nd period - Minor Penalty to Darnell Nurse for High sticking.
15:13 of 2nd period - Sean Couturier wins face-off versus Andrew Copp in Kings zone.
15:16 of 2nd period - Shot by Reilly Smith.
15:16 of 2nd period - Shot Blocked by Mattias Ekholm.
15:18 of 2nd period - Shot by Sean Couturier.
15:18 of 2nd period - Stopped by Alexandar Georgiev without a rebound.
15:19 of 2nd period - Nick Schmaltz wins face-off versus Alex Tuch in Kings zone.
16:18 of 2nd period - Shot by Darren Raddysh.
16:18 of 2nd period - Stopped by Alexandar Georgiev without a rebound.
16:18 of 2nd period - Minor Penalty to Alexandar Georgiev for Slashing.
16:19 of 2nd period - Sean Couturier wins face-off versus Teuvo Teravainen in Kings zone.
16:52 of 2nd period - Shot by Reilly Smith.
16:52 of 2nd period - Shot Blocked by Mattias Ekholm.
16:54 of 2nd period - Shot by Matt Grzelcyk.
16:54 of 2nd period - Stopped by Alexandar Georgiev without a rebound.
16:55 of 2nd period - Andrew Copp wins face-off versus Nick Schmaltz in Kings zone.
16:57 of 2nd period - Brett Pesce is hit by Conor Garland and loses puck.
17:02 of 2nd period - Shot by Nick Schmaltz.
17:02 of 2nd period - Shot Misses the Net.
17:04 of 2nd period - Shot by Gustav Nyquist.
17:04 of 2nd period - Shot Blocked by Nick Leddy.
17:17 of 2nd period - Shot by Dmitry Orlov.
17:17 of 2nd period - Shot Misses the Net.
17:19 of 2nd period - Shot by Nick Schmaltz.
17:19 of 2nd period - Stopped by Alexandar Georgiev with a rebound.
17:21 of 2nd period - Shot by Conor Garland.
17:21 of 2nd period - Shot Misses the Net.
17:23 of 2nd period - Shot by Dmitry Orlov.
17:23 of 2nd period - Stopped by Alexandar Georgiev without a rebound.
17:24 of 2nd period - Victor Olofsson wins face-off versus Sean Couturier in Kings zone.
17:45 of 2nd period - Victor Olofsson is hit by Reilly Smith and loses puck.
17:50 of 2nd period - Shot by Reilly Smith.
17:50 of 2nd period - Stopped by Alexandar Georgiev without a rebound.
17:51 of 2nd period - Nick Schmaltz wins face-off versus Victor Olofsson in Kings zone.
18:27 of 2nd period - Icing by Erik Gudbranson.
18:28 of 2nd period - Mark Jankowski wins face-off versus Brayden Schenn in Kings zone.
19:13 of 2nd period - Erik Gudbranson is hit by Oskar Sundqvist and loses puck.
19:46 of 2nd period - Justin Barron is hit by Tyler Bertuzzi and loses puck.
Goals for this period are 1 for Kings vs 0 for Jets.
Shots for this period are 7 for Kings vs 17 for Jets.
3rd period
0:01 of 3rd period - Gustav Nyquist wins face-off versus Brayden Schenn in neutral zone.
0:20 of 3rd period - Shot by David Pastrnak.
0:20 of 3rd period - Stopped by Joseph Woll without a rebound.
0:21 of 3rd period - Ross Colton wins face-off versus Sean Couturier in Jets zone.
0:21 of 3rd period - Ross Colton is hit by Dmitry Orlov.
0:23 of 3rd period - Shot by Alex Tuch.
0:23 of 3rd period - Stopped by Joseph Woll without a rebound.
0:24 of 3rd period - Sean Couturier wins face-off versus Ross Colton in Jets zone.
0:24 of 3rd period - Sean Couturier is hit by Ross Colton.
0:39 of 3rd period - Conor Garland is hit by Darnell Nurse and loses puck.
0:45 of 3rd period - Off-side.
0:46 of 3rd period - Brayden Schenn wins face-off versus Nick Schmaltz in neutral zone.
0:56 of 3rd period - Shot by Elias Pettersson.
0:56 of 3rd period - Shot Misses the Net.
1:20 of 3rd period - David Pastrnak is hit by Gustav Nyquist and loses puck.
1:29 of 3rd period - Shot by David Pastrnak.
1:29 of 3rd period - Shot Misses the Net.
1:43 of 3rd period - Shot by Teuvo Teravainen.
1:43 of 3rd period - Shot Misses the Net.
1:45 of 3rd period - Shot by Alex Tuch.
1:45 of 3rd period - Shot Blocked by Matt Grzelcyk.
1:49 of 3rd period - Shot by Teuvo Teravainen.
1:49 of 3rd period - Stopped by Joseph Woll without a rebound.
1:50 of 3rd period - Andrew Copp wins face-off versus Will Cuylle in Jets zone.
1:58 of 3rd period - Shot by Andrew Copp.
1:58 of 3rd period - Deflect By Tyler Bertuzzi.
1:58 of 3rd period - Stopped by Joseph Woll without a rebound.
1:59 of 3rd period - Sean Couturier wins face-off versus Ross Colton in Jets zone.
2:07 of 3rd period - Icing by Ross Colton.
2:08 of 3rd period - Tommy Novak wins face-off versus Ross Colton in Kings zone.
2:18 of 3rd period - Alex Tuch is hit by Dmitry Orlov.
2:37 of 3rd period - Ross Colton is hit by Dmitry Orlov and loses puck.
3:07 of 3rd period - Icing by Brett Pesce.
3:08 of 3rd period - Sean Couturier wins face-off versus Brayden Schenn in Kings zone.
3:15 of 3rd period - Shot by Will Cuylle.
3:15 of 3rd period - Stopped by Alexandar Georgiev without a rebound.
3:16 of 3rd period - Brayden Schenn wins face-off versus Sean Couturier in Kings zone.
3:28 of 3rd period - Elias Pettersson is hit by Will Cuylle and loses puck.
4:31 of 3rd period - Shot by Gustav Nyquist.
4:31 of 3rd period - Deflect By Reilly Smith.
4:31 of 3rd period - Stopped by Alexandar Georgiev without a rebound.
4:32 of 3rd period - Andrew Copp wins face-off versus Tommy Novak in Kings zone.
4:32 of 3rd period - Andrew Copp is hit by Justin Barron.
4:35 of 3rd period - Minor Penalty to Justin Barron for Interference.
4:36 of 3rd period - Ross Colton wins face-off versus Mark Jankowski in Jets zone.
5:08 of 3rd period - Shot by Alex Tuch.
5:08 of 3rd period - Deflect By Ross Colton.
5:08 of 3rd period - Shot Misses the Net.
5:10 of 3rd period - Shot by Mattias Ekholm.
5:10 of 3rd period - Shot Misses the Net.
5:12 of 3rd period - Shot by Alex Tuch.
5:12 of 3rd period - Stopped by Joseph Woll without a rebound.
5:13 of 3rd period - Sean Couturier wins face-off versus Brayden Schenn in Jets zone.
5:35 of 3rd period - Icing by Nick Leddy.
5:36 of 3rd period - Mark Jankowski wins face-off versus Brayden Schenn in Kings zone.
5:43 of 3rd period - Mark Jankowski is hit by Brayden Schenn.
6:30 of 3rd period - Shot by Teuvo Teravainen.
6:30 of 3rd period - Deflect By Alex Tuch.
6:30 of 3rd period - Shot Misses the Net.
6:42 of 3rd period - Shot by Alexandre Texier.
6:42 of 3rd period - Stopped by Alexandar Georgiev with a rebound.
6:58 of 3rd period - Dmitry Orlov is hit by Tyler Bertuzzi and loses puck.
7:05 of 3rd period - Shot by Andrew Copp.
7:05 of 3rd period - Stopped by Joseph Woll without a rebound.
7:06 of 3rd period - Robby Fabbri wins face-off versus Sean Couturier in Jets zone.
8:32 of 3rd period - Shot by Elias Pettersson.
8:32 of 3rd period - Stopped by Joseph Woll with a rebound.
8:34 of 3rd period - Shot by Brett Pesce.
8:34 of 3rd period - Stopped by Joseph Woll without a rebound.
8:35 of 3rd period - Tommy Novak wins face-off versus Ross Colton in Jets zone.
8:42 of 3rd period - Shot by Andre Burakovsky.
8:42 of 3rd period - Stopped by Alexandar Georgiev without a rebound.
8:43 of 3rd period - Ross Colton wins face-off versus Nick Schmaltz in Kings zone.
9:22 of 3rd period - Shot by Alex Tuch.
9:22 of 3rd period - Shot Blocked by Justin Barron.
9:25 of 3rd period - Icing by Dmitry Orlov.
9:26 of 3rd period - Reilly Smith wins face-off versus Brayden Schenn in Jets zone.
9:31 of 3rd period - Brayden Schenn is hit by Reilly Smith and loses puck.
9:36 of 3rd period - Shot by Gustav Nyquist.
9:36 of 3rd period - Deflect By Reilly Smith.
9:36 of 3rd period - Stopped by Alexandar Georgiev without a rebound.
9:37 of 3rd period - Sean Couturier wins face-off versus Andrew Copp in Kings zone.
9:48 of 3rd period - Shot by Darren Raddysh.
9:48 of 3rd period - Shot Misses the Net.
10:02 of 3rd period - Darren Raddysh is hit by Andrew Copp and loses puck.
10:40 of 3rd period - Icing by Jalen Chatfield.
10:41 of 3rd period - Brayden Schenn wins face-off versus Tommy Novak in Jets zone.
10:41 of 3rd period - Elias Pettersson is hit by Jalen Chatfield and loses puck.
11:14 of 3rd period - Shot by Tommy Novak.
11:14 of 3rd period - Shot Blocked by Mattias Ekholm.
11:16 of 3rd period - Shot by Tommy Novak.
11:16 of 3rd period - Stopped by Alexandar Georgiev with a rebound.
11:44 of 3rd period - Shot by Alex Tuch.
11:44 of 3rd period - Stopped by Joseph Woll with a rebound.
11:46 of 3rd period - Shot by Erik Gudbranson.
11:46 of 3rd period - Shot Misses the Net.
11:48 of 3rd period - Shot by Alex Tuch.
11:48 of 3rd period - Stopped by Joseph Woll without a rebound.
11:49 of 3rd period - Sean Couturier wins face-off versus Ryan Hartman in Jets zone.
12:58 of 3rd period - Icing by Justin Barron.
12:59 of 3rd period - Brayden Schenn wins face-off versus Nick Schmaltz in Jets zone.
13:36 of 3rd period - Shot by Dmitry Orlov.
13:36 of 3rd period - Shot Misses the Net.
15:23 of 3rd period - Off-side.
15:24 of 3rd period - Nick Schmaltz wins face-off versus Robby Fabbri in neutral zone.
15:53 of 3rd period - Shot by Victor Olofsson.
15:53 of 3rd period - Stopped by Joseph Woll with a rebound.
16:06 of 3rd period - Shot by Darnell Nurse.
16:06 of 3rd period - Shot Misses the Net.
16:24 of 3rd period - Elias Pettersson is hit by Reilly Smith and loses puck.
16:53 of 3rd period - Shot by Will Cuylle.
16:53 of 3rd period - Stopped by Alexandar Georgiev without a rebound.
16:54 of 3rd period - Tommy Novak wins face-off versus Ross Colton in Kings zone.
17:18 of 3rd period - Shot by Ross Colton.
17:18 of 3rd period - Stopped by Joseph Woll without a rebound.
17:19 of 3rd period - Sean Couturier wins face-off versus Andrew Copp in Jets zone.
17:24 of 3rd period - Shot by Will Cuylle.
17:24 of 3rd period - Goal by Will Cuylle - Kings : 2 - Jets : 2.
17:25 of 3rd period - Brayden Schenn wins face-off versus Sean Couturier in neutral zone.
17:32 of 3rd period - Shot by David Pastrnak.
17:32 of 3rd period - Stopped by Joseph Woll without a rebound.
17:33 of 3rd period - Nick Schmaltz wins face-off versus Brayden Schenn in Jets zone.
17:44 of 3rd period - Shot by Elias Pettersson.
17:44 of 3rd period - Stopped by Joseph Woll without a rebound.
17:45 of 3rd period - Sean Couturier wins face-off versus Ross Colton in Jets zone.
17:58 of 3rd period - Shot by Teuvo Teravainen.
17:58 of 3rd period - Stopped by Joseph Woll without a rebound.
17:59 of 3rd period - Brayden Schenn wins face-off versus Nick Schmaltz in Jets zone.
18:22 of 3rd period - Shot by Elias Pettersson.
18:22 of 3rd period - Shot Blocked by Reilly Smith.
18:30 of 3rd period - Shot by David Pastrnak.
18:30 of 3rd period - Stopped by Joseph Woll without a rebound.
18:31 of 3rd period - Sean Couturier wins face-off versus Alex Tuch in Jets zone.
18:31 of 3rd period - Sean Couturier is hit by Ross Colton.
18:44 of 3rd period - Shot by Conor Garland.
18:44 of 3rd period - Stopped by Alexandar Georgiev with a rebound.
19:21 of 3rd period - Icing by Teuvo Teravainen.
19:22 of 3rd period - Ross Colton wins face-off versus Tommy Novak in Kings zone.
Goals for this period are 0 for Kings vs 1 for Jets.
Shots for this period are 16 for Kings vs 9 for Jets.
Overtime #1
0:01 of 1st overtime period - Nick Schmaltz wins face-off versus Elias Pettersson in neutral zone.
0:16 of 1st overtime period - Shot by David Pastrnak.
0:16 of 1st overtime period - Stopped by Joseph Woll without a rebound.
0:17 of 1st overtime period - Nick Schmaltz wins face-off versus Alex Tuch in Jets zone.
0:28 of 1st overtime period - Shot by Gustav Nyquist.
0:28 of 1st overtime period - Stopped by Alexandar Georgiev without a rebound.
0:29 of 1st overtime period - Alex Tuch wins face-off versus Nick Schmaltz in Kings zone.
0:47 of 1st overtime period - Shot by David Pastrnak.
0:47 of 1st overtime period - Stopped by Joseph Woll without a rebound.
0:48 of 1st overtime period - Alex Tuch wins face-off versus Nick Schmaltz in Jets zone.
1:11 of 1st overtime period - Shot by Nick Schmaltz.
1:11 of 1st overtime period - Stopped by Alexandar Georgiev with a rebound.
2:51 of 1st overtime period - Icing by David Pastrnak.
2:52 of 1st overtime period - Alex Tuch wins face-off versus Nick Schmaltz in Kings zone.
4:00 of 1st overtime period - Icing by Sean Couturier.
4:01 of 1st overtime period - Elias Pettersson wins face-off versus Sean Couturier in Jets zone.
4:10 of 1st overtime period - Shot by Alex Tuch.
4:10 of 1st overtime period - Shot Misses the Net.
4:16 of 1st overtime period - Shot by Elias Pettersson.
4:16 of 1st overtime period - Shot Misses the Net.
4:18 of 1st overtime period - Shot by Alex Tuch.
4:18 of 1st overtime period - Shot Misses the Net.
4:20 of 1st overtime period - Shot by Alex Tuch.
4:20 of 1st overtime period - Shot Blocked by Sean Couturier.
4:22 of 1st overtime period - Shot by Elias Pettersson.
4:22 of 1st overtime period - Shot Blocked by Sean Couturier.
4:24 of 1st overtime period - Shot by Nick Leddy.
4:24 of 1st overtime period - Stopped by Joseph Woll without a rebound.
4:25 of 1st overtime period - Nick Schmaltz wins face-off versus Ryan Hartman in Jets zone.
Goals for this period are 0 for Kings vs 0 for Jets.
Shots for this period are 3 for Kings vs 2 for Jets.
ShootOut
5:00 of 1st overtime period - Round #1.
5:00 of 1st overtime period - Kings, David Pastrnak.
5:00 of 1st overtime period - Stopped by Joseph Woll.
5:00 of 1st overtime period - Jets, Nick Schmaltz.
5:00 of 1st overtime period - Goal by Nick Schmaltz.
5:00 of 1st overtime period - Round #2.
5:00 of 1st overtime period - Kings, Alex Tuch.
5:00 of 1st overtime period - Stopped by Joseph Woll.
5:00 of 1st overtime period - Jets, Conor Garland.
5:00 of 1st overtime period - Stopped by Alexandar Georgiev.
5:00 of 1st overtime period - Round #3.
5:00 of 1st overtime period - Kings, Tyler Bertuzzi.
5:00 of 1st overtime period - Goal by Tyler Bertuzzi.
5:00 of 1st overtime period - Jets, Tommy Novak.
5:00 of 1st overtime period - Stopped by Alexandar Georgiev.
5:00 of 1st overtime period - Round #4.
5:00 of 1st overtime period - Kings, Elias Pettersson.
5:00 of 1st overtime period - Stopped by Joseph Woll.
5:00 of 1st overtime period - Jets, Gustav Nyquist.
5:00 of 1st overtime period - Shot Misses the Net.
5:00 of 1st overtime period - Round #5.
5:00 of 1st overtime period - Kings, Teuvo Teravainen.
5:00 of 1st overtime period - Stopped by Joseph Woll.
5:00 of 1st overtime period - Jets, Alexandre Texier.
5:00 of 1st overtime period - Stopped by Alexandar Georgiev.
5:00 of 1st overtime period - Round #6.
5:00 of 1st overtime period - Kings, Brayden Schenn.
5:00 of 1st overtime period - Stopped by Joseph Woll.
5:00 of 1st overtime period - Jets, Andre Burakovsky.
5:00 of 1st overtime period - Stopped by Alexandar Georgiev.
5:00 of 1st overtime period - Round #7.
5:00 of 1st overtime period - Kings, Robby Fabbri.
5:00 of 1st overtime period - Shot Misses the Net.
5:00 of 1st overtime period - Jets, Sean Couturier.
5:00 of 1st overtime period - Stopped by Alexandar Georgiev.
5:00 of 1st overtime period - Round #8.
5:00 of 1st overtime period - Kings, Ross Colton.
5:00 of 1st overtime period - Stopped by Joseph Woll.
5:00 of 1st overtime period - Jets, Reilly Smith.
5:00 of 1st overtime period - Goal by Reilly Smith.